 Dungeon Crawl Stone Soup version 0.27-a0-899-ge2d0b17c59 (webtiles) character file.

Game seed: 4667103208725049282

861 robertstho the Sneak (level 8, -5/54 HPs)
             Began as an Octopode Berserker on Apr 5, 2021.
             Was a Believer of Trog.
             Slain by an iguana (15 damage)
             ... on level 5 of the Dungeon.
             The game lasted 00:02:58 (3871 turns).

robertstho the Sneak (Octopode Berserker)           Turns: 3871, Time: 00:02:59

Health: -5/54      AC:  1    Str: 18    XL:     8   Next: 2%
Magic:  8/8        EV: 14    Int: 10    God:    Trog [**....]
Gold:   134        SH:  0    Dex: 11    Spells: 7/7 levels left

rFire    + . .     SeeInvis .   i - +2 spear (flame)
rCold    . . .     Faith    .   (no shield)
rNeg     . . .     Spirit   .   (helmet restricted)
rPois    .         Reflect  .   (no amulet)
rElec    .         Harm     .   f - ring of protection from fire
rCorr    .         Rampage  .   (no ring)
Will     ++...                  (no ring)
Stlth    ++++......             (no ring)
HPRegen  1.18/turn              (no ring)
MPRegen  0.11/turn              (no ring)
                                (no ring)
                                (no ring)

@: berserk cooldown, regenerating, slowed, very slow
A: almost no armour, amphibious, 8 rings, camouflage 1, gelatinous body 1,
(nimble swimmer 1), tentacles
a: Renounce Religion, Berserk, Trog's Hand


You were on level 5 of the Dungeon.
You worshipped Trog.
Trog was pleased with you.
You visited 1 branch of the dungeon, and saw 5 of its levels.

You collected 134 gold pieces.

Inventory:

Hand Weapons
 a - a +0 hand axe
 i - a +2 spear of flaming (weapon)
Missiles
 j - a throwing net
 l - 7 atropa-tipped darts
Jewellery
 f - a ring of protection from fire (left tentacle)
Wands
 n - a wand of digging (3)
Scrolls
 c - 4 scrolls of teleportation {unknown}
 e - a scroll of brand weapon {unknown}
 g - a scroll of immolation
 m - a scroll of amnesia {unknown}
 o - a scroll of blinking {unknown}
Potions
 b - 3 potions of curing {unknown}
 d - a potion of flight
 k - a potion of invisibility
 p - a potion of lignification {unknown}
 q - a potion of cancellation
 r - a potion of magic


   Skills:
 * Level 4.7 Fighting
 + Level 3.9(4.4) Axes
 + Level 3.0(4.0) Polearms
 * Level 4.9 Dodging
 * Level 7.5 Stealth


You had 7 spell levels left.
You didn't know any spells.
Your spell library was empty.

Dungeon Overview and Level Annotations

Branches:
Dungeon (5/15)
 Temple: D:4-7

Altars:
Ashenzari
Fedhas
Gozag
Kikubaaqudgha
Qazlal
Ru
Uskayaw


Innate Abilities, Weirdness & Mutations

You cannot wear most types of armour.
You are amphibious.
You can wear up to eight rings at the same time.
Your skin changes colour to match your surroundings (Stealth+).
Your rubbery body absorbs attacks. (AC +1, EV +1)
((You are camouflaged near water. (Stealth+)))
You have tentacles for arms and can constrict up to eight enemies at once.


Message History

The water moccasin is severely wounded.
You feel sick. The adder bites you.
You closely miss the water moccasin. Your grab misses the water moccasin.
Your squeeze misses the water moccasin.
The water moccasin is severely wounded.
You feel sick. The water moccasin closely misses you.
The adder bites you but does no damage.
You miss the water moccasin. You grab the water moccasin.
The water moccasin is severely wounded.
You constrict the water moccasin, but do no damage.
You feel sick. The water moccasin misses you. The adder barely misses you.
You puncture the water moccasin! You burn the water moccasin.
You kill the water moccasin!
Trog accepts your kill.
You feel sick.
Your base Polearms skill increases to level 3!
You have reached level 8!
You puncture the adder! You burn the adder.
You kill the adder!
Trog accepts your kill.
You feel sick.
You barely miss the ogre. You squeeze the ogre!
The ogre is heavily wounded.
You are no longer berserk.
You are exhausted.
You feel yourself slow down.
You feel sick. The ogre hits you with a +0 giant club!
* * * LOW HITPOINT WARNING * * *
The iguana barely misses you.
You feel sick. The iguana closely misses you.
You feel sick. The iguana completely misses you.
You feel sick.
You feel sick.
You are no longer poisoned.
The iguana hisses menacingly.
The iguana completely misses you.
Your skin crawls.
You feel strong-willed. The iguana bites you!
You die...

......#.##.#.#.#
......#.##.#.#.#
..... #.##.#...#
.....
#.##.###########
....
#.##...........##
....
#.#######...#...#
#.# #.#...#.#
#..###..# ##@#
.###.#
#.l##+ZZ...+
#.#OZO# #...#.#
#....#.# #....#Z#
#..#...# #...##+.
.... .


You could see an ogre and an iguana.

Vanquished Creatures
  Duvessa (D:4)
  A water moccasin (D:5)
  An ogre (D:4)
  A phantom (D:5)
  Blork the orc (D:4)
  A scorpion (D:5)
  Dowan (D:4)
  A hound (D:5)
  2 bullfrog zombies (D:5)
  An orc priest (D:4)
  Natasha (thrice) (D:4)
  An orc wizard (D:4)
  4 adders
  2 adder skeletons (D:4)
  A worm (D:5)
  2 dart slugs (D:4)
  2 orcs
  An endoplasm (D:3)
  3 giant cockroaches
  5 goblins
  4 hobgoblins
  2 jackals (D:2)
  A quokka (D:1)
  3 ball pythons
  3 bats
  A kobold (D:3)
  2 rats (D:2)
51 creatures vanquished.

Notes
Turn   | Place    | Note
-------+----------+-------------------------------------------
     0 | D:1      | robertstho the Octopode Berserker began the quest for the
                  | Orb.
     0 | D:1      | Reached XP level 1. HP: 16/16 MP: 1/1
   280 | D:1      | Found a faded altar of an unknown god.
   299 | D:1      | Reached XP level 2. HP: 21/21 MP: 2/2
  1296 | D:3      | Found a broken altar of Ashenzari.
  1523 | D:3      | Reached skill level 1 in Stealth
  1829 | D:3      | Reached XP level 3. HP: 21/26 MP: 3/3
  2060 | D:4      | Noticed Blork the orc
  2069 | D:4      | Killed Blork the orc
  2070 | D:4      | Reached skill level 2 in Stealth
  2070 | D:4      | Reached XP level 4. HP: 32/32 MP: 4/4
  2110 | D:4      | Found a blossoming altar of Fedhas.
  2145 | D:4      | Reached skill level 3 in Stealth
  2145 | D:4      | Reached XP level 5. HP: 15/37 MP: 5/5
  2560 | D:4      | Noticed Dowan
  2561 | D:4      | Noticed Duvessa
  2569 | D:4      | Killed Duvessa
  2570 | D:4      | Reached skill level 1 in Polearms
  2570 | D:4      | Reached skill level 4 in Stealth
  2570 | D:4      | Reached XP level 6. HP: 43/43 MP: 6/6
  2572 | D:4      | Killed Dowan
  2801 | D:4      | Reached skill level 5 in Stealth
  3125 | D:4      | Noticed Natasha
  3131 | D:4      | Killed Natasha
  3132 | D:4      | Reached XP level 7. HP: 48/48 MP: 7/7
  3132 | D:4      | Noticed Natasha
  3138 | D:4      | Killed Natasha
  3169 | D:4      | Noticed Natasha
  3178 | D:4      | Killed Natasha
  3331 | D:4      | Found an opulent altar of Gozag.
  3331 | D:4      | Found a hide-covered altar of Uskayaw.
  3331 | D:4      | Found a stormy altar of Qazlal.
  3331 | D:4      | Found a sacrificial altar of Ru.
  3373 | D:5      | Entered Level 5 of the Dungeon
  3403 | D:5      | Reached skill level 6 in Stealth
  3484 | D:5      | Found an ancient bone altar of Kikubaaqudgha.
  3580 | D:5      | Reached ** piety under Trog
  3860 | D:5      | Reached skill level 7 in Stealth
  3865 | D:5      | Reached XP level 8. HP: 47/54 MP: 8/8
  3871 | D:5      | Slain by an iguana

Illustrated notes

Levels and vault maps discovered:
D:1:      amcnicky_arrival_gap_in_the_tavern_cellar, layout_rooms,
          chequers_ecumenical_altar_lobes
D:2:      layout_loops_ring
D:3:      layout_loops_cross, old_standard_altar
D:4:      layout_gridville, lemuel_doored_altar, minitemple,
          kennysheep_generic_room_7, uniq_blork_the_orc, uniq_natasha,
          uniq_duvessa
D:5:      layout_basic, nicolae_kikubaaqudgha_miasma_corner,
          nicolae_dithmenos_shadow_blocks, serial_shops, shop,
          minmay_fractal_squares_diagonal_5

Skill      XL: |  1  2  3  4  5  6  7 |
---------------+----------------------+-----
Stealth        | 1 2 3 4 5 7 |  7.5
Dodging        | 4 |  4.9
Fighting       | 4 |  4.7
Polearms       | 1 3 |  3.0
Axes           | |  3.9

Action                   |  1- 3 |  4- 6 |  7- 9 || total
-------------------------+-------+-------+-------++-------
Melee: Hand axe          |    37 |       |       ||    37
       Constrict         |    13 |     7 |     7 ||    27
       Tentacles         |     7 |     4 |     8 ||    19
       Spear             |    11 |    33 |    47 ||    91
Invok: Berserk           |     1 |     3 |     2 ||     6
       Trog's Hand       |       |       |     1 ||     1
  Use: Scroll            |     3 |       |     2 ||     5
 Stab: Sleeping          |     5 |     5 |     6 ||    16
Armor: Skin              |     4 |       |     2 ||     6
Dodge: Dodged            |    34 |     4 |    18 ||    56

Table legend: (Time is in decaauts)
 A = Elapsed time spent in this place.
 B = Non-inter-level travel time spent in this place.
 C = Inter-level travel time spent in this place.
 D = Time resting spent in this place.
 E = Time spent auto-exploring this place.
 F = Levels seen in this place.
 G = Mean time per level.
                   A        B        C        D        E       F      G
               +--------+--------+--------+--------+--------+-----+--------+
         Total |   3915 |   3722 |    193 |    778 |   2574 |   5 |  783.0 |
       Dungeon |   3915 |   3722 |    193 |    778 |   2574 |   5 |  783.0 |
               +--------+--------+--------+--------+--------+-----+--------+

Top non-repeatable levels by time:
     D:4: 1452 daAuts
     D:3: 731 daAuts
     D:2: 703 daAuts
     D:1: 536 daAuts
     D:5: 491 daAuts
